 Dungeon Crawl Stone Soup version 0.20.1-1-g8b1a95d (webtiles) character file.

364 dengdeng the Shield-Bearer (level 6, -3/38 HPs)
             Began as a Gargoyle Fighter on Nov 11, 2017.
             Slain by an ogre
             ... wielding a +0 giant spiked club
              (25 damage)
             ... on level 7 of the Dungeon.
             The game lasted 00:24:59 (4419 turns).

dengdeng the Shield-Bearer (Gargoyle Fighter)       Turns: 4419, Time: 00:25:00

Health: -3/38      AC: 11    Str: 21    XL:     6   Next: 67%
Magic:  6/6        EV:  8    Int:  8    God:
Gold:   243        SH: 10    Dex: 10    Spells: 5/5 levels left

rFire    . . .     SeeInvis .   u - +0 falchion
rCold    . . .     Gourm    .   c - +0 shield
rNeg     + . .     Faith    .   b - +0 scale mail
rPois    ∞         Spirit   .   (no helmet)
rElec    +         Reflect  .   (no cloak)
rCorr    .         Harm     .   (no gloves)
MR       .....                  (no boots)
Stlth    ..........             (no amulet)
Regen    0.2/turn               (no ring)
MPRegen  0.1/turn               (no ring)

@: no status effects
A: negative energy resistance 1, electricity resistance, unbreathing,
petrification resistance, rot immunity, AC +4
a: no special abilities


You were on level 7 of the Dungeon.
You were not hungry.

You visited 1 branch of the dungeon, and saw 6 of its levels.

You collected 243 gold pieces.

Inventory:

Hand Weapons
 u - a +0 falchion (weapon)
 C - a +0 long sword
Missiles
 i - 255 stones
 w - 3 tomahawks (quivered)
Armour
 b - a +0 scale mail (worn)
 c - a +0 shield (worn)
 x - a scarf of spirit shield
Jewellery
 k - an uncursed ring of resist corrosion
 y - an uncursed ring of ice {unknown}
Scrolls
 a - a scroll of identify
 h - a scroll of teleportation
 j - a scroll of recharging {unknown}
 r - 2 scrolls of fog {unknown}
 v - a scroll of blinking {unknown}
 z - 2 scrolls of immolation {unknown}
 A - a scroll of random uselessness {unknown}
Potions
 d - a potion of might
 e - 2 potions of flight {unknown}
 n - a potion of agility {unknown}
 o - a potion of heal wounds {unknown}
 p - a potion of magic {unknown}
 s - 3 potions of curing {unknown}
 t - 3 potions of brilliance {unknown}
 B - a potion of lignification {unknown}
Books
 l - a book of Cantrips

   Spells                             Type                      Level
   a - Confusing Touch                Hexes                        1
   b - Animate Skeleton               Necromancy                   1
   c - Summon Small Mammal            Summoning                    1
   d - Apportation                    Translocation                1
Comestibles
 f - 3 bread rations
 g - 4 meat rations
 m - a royal jelly
 q - 2 chunks of flesh


   Skills:
 + Level 4.2 Fighting
 + Level 3.4 Long Blades
 + Level 1.4 Throwing
 + Level 4.3 Armour
 + Level 1.2 Dodging
 + Level 0.2 Stealth
 + Level 4.9 Shields


You had 5 spell levels left.
You didn't know any spells.

Dungeon Overview and Level Annotations

Branches:
Dungeon (7/15)             Temple (0/1) D:4

Altars:
Gozag
Qazlal
Ru


Innate Abilities, Weirdness & Mutations

You are resistant to torment.
Your stone body is resilient. (AC +4)
You are immune to poison.
You resist negative energy. (rN+)
You are resistant to electric shocks. (rElec)
You can survive without breathing.
You are immune to petrification.
You are immune to rotting.


Message History

The ogre shouts!
There is a stone staircase leading down here.
Your shield and scale mail prevent you from hitting the ogre.
The ogre hits you with a giant spiked club!
Your scale mail prevents you from hitting the ogre.
You block the ogre's attack.
You climb downwards.
There is a stone staircase leading up here.
You hit the ogre but do no damage. You block the ogre's attack.
You hit the ogre.
The ogre is lightly wounded.
You block the ogre's attack.
You hit the ogre.
The ogre is lightly wounded.
You block the ogre's attack.
You barely miss the ogre.
The ogre is lightly wounded.
The ogre hits you with a giant spiked club!!
Ouch! That really hurt!
You die...

######### #.......#
#.#####.### #.#####.O@#
#......###########
#....#......#....#
#....#..+...........#
#....####...........#
#.........#..^......#
......##...#...##....###
............#...........#
.....#......#.......###.#


You could see an ogre.

Vanquished Creatures
  A bullfrog (D:7)
  3 hounds
  An orc priest (D:2)
  An orc wizard (D:7)
  A worker ant (D:4)
  4 adders (D:2)
  An ooze (D:3)
  2 worms
  4 dart slugs
  4 leopard geckos
  11 orcs
  4 giant cockroaches (D:1)
  7 goblins
  7 hobgoblins
  3 jackals (D:1)
  A kobold (D:2)
  5 bats
  6 frilled lizards
  A jackal skeleton (D:4)
  A leopard gecko skeleton (D:4)
  5 rats
73 creatures vanquished.

Notes
Turn   | Place    | Note
-------+----------+-------------------------------------------
     0 | D:1      | dengdeng the Gargoyle Fighter began the quest for the Orb.
     0 | D:1      | Reached XP level 1. HP: 14/14 MP: 1/1
   393 | D:1      | Reached XP level 2. HP: 19/19 MP: 2/2
   864 | D:1      | Reached XP level 3. HP: 22/24 MP: 3/3
  1090 | D:2      | Reached XP level 4. HP: 25/29 MP: 4/4
  1903 | D:2      | Found a stormy altar of Qazlal.
  2163 | D:3      | Reached XP level 5. HP: 33/33 MP: 5/5
  2757 | D:3      | Reached skill level 1 in Throwing
  3603 | D:4      | Reached skill level 1 in Dodging
  3603 | D:4      | Reached XP level 6. HP: 30/38 MP: 6/6
  3854 | D:4      | Found a staircase to the Ecumenical Temple.
  3904 | D:4      | Found an opulent altar of Gozag.
  4019 | D:4      | You fall through a shaft for 3 floors!
  4227 | D:7      | Found a sacrificial altar of Ru.
  4419 | D:7      | Slain by an ogre

Skill      XL: |  1  2  3  4  5 |
---------------+----------------+-----
Long Blades    | 2 3 |  3.4
Shields        | 4 |  4.9
Fighting       | 4 |  4.2
Armour         | 4 |  4.3
Throwing       | 1 |  1.4
Dodging        | 1 |  1.2
Stealth        | |  0.2

Action                   |  1- 3 |  4- 6 || total
-------------------------+-------+-------++-------
Melee: Long sword        |    67 |   142 ||   209
       Falchion          |       |    99 ||    99
Throw: Stone             |     9 |    46 ||    55
       Tomahawk          |       |    11 ||    11
  Use: Scroll            |       |     8 ||     8
  Eat: Chunk             |     1 |     8 ||     9
       Bread ration      |       |     1 ||     1
Armor: Scale mail        |    34 |   121 ||   155
Dodge: Dodged            |    24 |    78 ||   102
Block: Shield            |    32 |   144 ||   176
       Rpst.: Long sword |     3 |    11 ||    14
       Falchion          |       |    16 ||    16
